 Dungeon Crawl Stone Soup version 0.28-a0-1435-g82390b3a13 (webtiles) character file.

Game seed: 18115198637797039337

55697 siradein the Thaumaturge (level 15, -3/107 HPs)
             Began as a Djinni Summoner on Jan 10, 2022.
             Was the Champion of Makhleb.
             Slain by a boulder beetle (21 damage)
             ... on level 5 of the Lair of Beasts.
             The game lasted 01:35:41 (24852 turns).

siradein the Thaumaturge (Djinni Summoner)         Turns: 24852, Time: 01:35:41

Health: -3/107     AC:  9    Str:  7    XL:     15   Next: 19%
Gold:   994        EV: 21    Int: 30    God:    Makhleb [******] SH:  0 Dex: 14

rFire   + + +      SeeInvis .   y - staff of fire
rCold   . . .      Faith    .   (no shield)
rNeg    + . .      Spirit   .   O - +0 steam dragon scales
rPois   ∞          Reflect  .   a - +0 helmet
rElec   .          Harm     .   z - +1 cloak
rCorr   +          Rampage  .   p - +0 pair of gloves
Will    +....                   (boots unavailable)
Stlth   ++........              N - macabre finger necklace {rN+}
HPRegen 0.27/turn               f - +4 ring of evasion
MPRegen 0.00/turn               e - +6 ring of intelligence
                                V - ring "Useuja" {rC+ rCorr}

@: flying, studying Throwing
A: sickness immunity, fire resistance 2, cold vulnerability 1, float, innate
caster, hp casting, extra vitality 1
a: Renounce Religion, Minor Destruction, Lesser Servant of Makhleb, Major
Destruction, Greater Servant of Makhleb


You were on level 5 of the Lair of Beasts.
You worshipped Makhleb.
Makhleb was exalted by your worship.
You visited 3 branches of the dungeon, and saw 17 of its levels.
You also visited: Sewer, Bailey and Ice Cave.

You collected 994 gold pieces.

Inventory:

Hand Weapons
 i - a +0 falchion of protection
 k - a +2 dagger of freezing
 l - a +1 falchion of holy wrath
Missiles
 t - a throwing net
Armour
 a - a +0 helmet (worn)
 p - a +0 pair of gloves (worn)
 z - a +1 cloak (worn)
 O - +0 steam dragon scales (worn)
Magical Staves
 y - a staff of fire (weapon)
 J - a staff of poison
Jewellery
 e - a +6 ring of intelligence (right hand)
 f - a +4 ring of evasion (left hand)
 u - a ring of protection from fire
 x - a +6 ring of dexterity
 N - the macabre finger necklace (around neck) {rN+}
   (You found it on level 2 of the Lair of Beasts)

   [amulet of nothing]

   It enables you to equip an extra ring.
   rN:        It protects you from negative energy.
 V - the ring "Useuja" (on amulet) {rC+ rCorr}
   (You found it on level 4 of the Lair of Beasts)

   [ring of protection from cold]

   rC:        It protects you from cold.
   rCorr:     It protects you from acid and corrosion.
 X - a ring of ice
Wands
 d - a wand of iceblast (16)
 n - a wand of flame (73)
 C - a wand of acid (2)
 L - a wand of mindburst (12)
 S - a wand of digging (18)
 T - a wand of polymorph (11)
Scrolls
 b - 3 scrolls of enchant armour
 c - 15 scrolls of teleportation
 h - 6 scrolls of enchant weapon
 j - 6 scrolls of blinking
 o - 4 scrolls of immolation
 s - 4 scrolls of fear
 v - 3 scrolls of identify
 E - 2 scrolls of acquirement {unknown}
 G - 4 scrolls of fog
 P - a scroll of summoning {unknown}
 Q - a scroll of amnesia {unknown}
 R - 2 scrolls of vulnerability {unknown}
 U - 2 scrolls of magic mapping
 W - a scroll of silence {unknown}
Potions
 g - 8 potions of curing
 m - 6 potions of heal wounds
 q - 2 potions of lignification
 r - 2 potions of brilliance {unknown}
 w - 5 potions of attraction {unknown}
 A - 3 potions of cancellation {unknown}
 B - 2 potions of might
 D - 2 potions of resistance {unknown}
 F - 4 potions of ambrosia
 H - 2 potions of invisibility {unknown}
 M - 2 potions of mutation {unknown}
Miscellaneous
 I - a lightning rod (4/4)
 K - a phial of floods


   Skills:
 + Level 10.2 Fighting
 + Level 9.2 Long Blades
 + Level 11.6 Dodging
 - Level 1.5 Stealth
 * Level 11.6 Spellcasting
 + Level 7.7 Invocations
 + Level 7.9 Evocations


You couldn't memorise any spells.
You knew the following spells:

 Your Spells              Type           Power      Damage    Failure   Level
a - Summon Small Mammal   Summ           100%       N/A       1%          1
b - Call Imp              Summ           73%        N/A       1%          2
c - Call Canine Familiar  Summ           73%        N/A       1%          3
d - Summon Guardian Gole  Hex/Summ       73%        N/A       1%          3
e - Summon Lightning Spi  Summ/Air       73%        N/A       1%          4
f - Shock                 Conj/Air       100%       1d9       1%          1
g - Scorch                Fire           100%       2d10      1%          2
h - Searing Ray           Conj           100%       2d8       1%          2
i - Sticky Flame          Conj/Fire      93%        2d10      1%          4
j - Fireball              Conj/Fire      46%        3d18      1%          5
k - Silence               Hex/Air        36%        N/A       1%          5
l - Starburst             Conj/Fire      46%        6d13      3%          6
Your spell library was empty.

Dungeon Overview and Level Annotations

Branches:
Dungeon (11/15)            Temple (1/1) D:4            Lair (5/6) D:8
  Snake (0/4) Lair:2       Spider (0/4) Lair:2          Orc (0/2) D:9
  Sewer (visited)          Bailey (visited)           IceCv (visited)
  Slime: Lair:5-6

Altars:
Dithmenos
Fedhas
Gozag
Hepliaklqana
Makhleb
Okawaru
Sif Muna
Trog
Vehumet
Xom
Yredelemnul
Zin
The Shining One

Shops:
D:3 =

Annotations:
D:8 4 runed translucent doors
D:9 2 runed translucent doors, exclusion: orange crystal statue
Lair:5 Bihe's ghost, journeyman HuBe


Innate Abilities, Weirdness & Mutations

You are immune to sickness and miasma.
You are immune to poison.
Your flesh is very heat resistant. (rF++)
You are vulnerable to cold. (rC-)
You float through the air rather than walking.
You learn spells naturally, not from books.
Your magical power is your life essence.
You have superior vitality. (+4 MHP)


Message History

Found a stone staircase leading down.
Found an escape hatch in the floor.
Partly explored, unvisited transporter.
Partly explored, unvisited transporter.
Bihe's ghost turns its malevolent gaze towards you.
The moth of wrath's fur bristles in rage as it notices you.
Bihe's ghost ripples.
The eight-headed hydra roars!
There is a transporter here.
There is a transporter here.
Okay, then.
There is a transporter here.
You enter the transporter and appear at another place.
The bullfrog gives a loud, deep croak!
The boulder beetle curls into a ball and begins rolling!
The moth of wrath bites you but does no damage.
The moth of wrath goads the boulder beetle on!
The boulder beetle goes berserk!
The boulder beetle misses you.
The boulder beetle stops rolling and uncurls.
The boulder beetle misses you.
There is a transporter here.
You enter the transporter and appear at another place.
The boulder beetle closely misses you. The boulder beetle misses you.
The boulder beetle closely misses you.
Casting: Summon Lightning Spire (safe; 1% risk of failure)
Confirm with . or Enter, or press ? or * to list all spells.
Casting: Starburst (dangerous; 3% risk of failure)
Press: ? - help, Dir - look around, f - activate You feel a surge of power!
The bolt of fire hits the boulder beetle!!!
The boulder beetle is moderately wounded.
The boulder beetle completely misses you.
The boulder beetle bites you! The boulder beetle bites you!
The boulder beetle closely misses you. The boulder beetle bites you!!!
The boulder beetle bites you!!
* * * LOW HITPOINT WARNING * * *
The boulder beetle bites you!!
You die...

...............≈≈.P#..#...#...###
..#............≈#...............#
.##...........≈≈≈.###....##....##
...............≈§§P##.#...##.....
...#..........#≈≈§.##............
..............≈≈..##.............
..............≈≈......####.©.####
..............§≈§...###. #####..#
....##........≈≈@..##..#.[(!)....
........P.......§B.#....###[..##.
...................##.#.....#....
....................#...#..©..##.
...P................#..##..#...W.
........P...........#.y..#...#yF.
.......#....P.......##......#....
......#..............##.###..####
.....##............#..###©####...


You could see a boulder beetle (berserk) and a moth of wrath.

Vanquished Creatures
  A hydra (Lair:5)
  6 death yaks (Lair:4)
  A two-headed ogre (D:9)
  Urug (Lair:4)
  Pikel (D:5)
  A wolf spider (Lair:2)
  A black mamba (Lair:3)
  An ice statue (D:11)
  A rime drake (IceCv)
  A gargoyle (D:8)
  A kobold demonologist (D:9)
  3 trolls
  3 polar bears
  4 blink frogs (Lair:5)
  Sigmund (D:5)
  2 wraiths
  2 wyverns
  A shadow (D:11)
  26 yaks
  A redback (Lair:2)
  4 vampire mosquitoes (D:9)
  Edmund (D:5)
  Menkaure (D:7)
  4 water moccasins
  5 orc warriors
  An ogre (D:6)
  2 sky beasts
  4 boggarts (D:11)
  9 wolves
  7 centaurs
  2 phantoms
  4 kobold brigands
  3 scorpions
  A bullfrog (Lair:5)
  A water moccasin zombie (D:6)
  A wyvern skeleton (D:6)
  8 wights (D:7)
  2 killer bees
  4 electric eels
  8 howler monkeys
  2 bullfrog zombies (D:6)
  4 centaur zombies
  2 jellies
  An orc priest (D:8)
  Crazy Yiuf (D:2)
  3 hounds
  2 bullfrog skeletons (D:6)
  Ijyb (D:5)
  Natasha (thrice) (D:3)
  7 orc wizards
  A howler monkey zombie (D:8)
  10 adders
  2 gnolls (Bailey)
  2 acid dragon simulacra (IceCv)
  2 river rats (Sewer)
  A shadow imp (D:5)
  3 white imps
  An ufetubus (D:6)
  4 steam dragon simulacra (IceCv)
  4 worms
  8 dart slugs
  12 orcs
  7 ball pythons
  5 endoplasms
  3 giant cockroaches
  11 goblins
  A hobgoblin (D:4)
  16 kobolds
  A quokka (D:4)
  A bat (D:1)
  3 frilled lizards (D:2)
  5 rats
260 creatures vanquished.

Vanquished Creatures (collateral kills)
  An orc warlord (Bailey)
  A dire elephant (Lair:2)
  3 hydras
  A centaur warrior (D:8)
  2 orc knights (Bailey)
  A wolf spider (Lair:2)
  A manticore (D:11)
  3 elephants (Lair:2)
  8 cane toads
  A black mamba (Lair:5)
  A torpor snail (Lair:2)
  6 komodo dragons
  2 rime drakes (Lair:4)
  Grinder (D:3)
  4 blink frogs
  A shadow (D:10)
  6 wyverns
  Eustachio (D:4)
  20 yaks
  Grum (D:8)
  A basilisk (D:8)
  A steam dragon (D:10)
  A redback (Lair:2)
  An acid dragon (D:8)
  3 nagas (Lair:2)
  8 water moccasins
  An ice beast (D:8)
  12 orc warriors
  2 centaurs
  An ogre (D:5)
  14 wolves
  Blork the orc (D:5)
  7 bullfrogs
  A wyvern zombie (D:8)
  2 scorpions (D:8)
  A killer bee (D:6)
  A howler monkey (D:9)
  3 orc priests (D:8)
  An iguana (D:4)
  4 orc wizards
  A howler monkey zombie (D:8)
  Robin (D:2)
  4 gnolls (Bailey)
  2 adders
  A shadow imp (D:8)
  A white imp (D:8)
  2 worms (D:3)
  2 dart slugs (D:5)
  15 orcs
  3 endoplasms
  A giant cockroach (D:1)
  12 goblins
  8 hobgoblins (Bailey)
  A quokka (D:1)
  2 ball pythons (D:1)
  A kobold (D:4)
188 creatures vanquished.

Vanquished Creatures (others)
  An orc wizard (D:3)
  An orc (D:3)
  25 fungi
  78 plants
105 creatures vanquished.

Grand Total: 553 creatures vanquished

Notes
Turn   | Place    | Note
-------+----------+-------------------------------------------
     0 | D:1      | siradein the Djinni Summoner began the quest for the Orb.
     0 | D:1      | Reached XP level 1. HP: 15/15 MP: 0/0
  1077 | D:1      | Reached XP level 2. HP: 20/22 MP: 0/0
  1330 | D:1      | Found a faded altar of an unknown god.
  1921 | D:2      | Noticed Robin
  1968 | D:1      | Reached skill level 1 in Fighting
  1968 | D:1      | Reached XP level 3. HP: 9/27 MP: 0/0
  1968 | D:1      | Learned a level 1 spell: Shock
  2190 | D:2      | Killed Robin
  2573 | D:2      | Found a runed translucent door.
  2574 | D:2      | Noticed Crazy Yiuf
  3727 | D:3      | Found a glowing silver altar of Zin.
  3788 | D:3      | Reached XP level 4. HP: 32/32 MP: 0/0
  4200 | D:3      | Noticed Grinder
  4478 | D:3      | Reached skill level 1 in Long Blades
  4618 | D:3      | Found Kehal's Jewellery Shoppe.
  4927 | D:4      | Noticed Eustachio
  5247 | D:4      | Killed Eustachio
  5248 | D:4      | Reached XP level 5. HP: 29/38 MP: 0/0
  5248 | D:4      | Learned a level 2 spell: Scorch
  5248 | D:4      | Reached XP level 6. HP: 32/43 MP: 0/0
  6495 | D:4      | Reached XP level 7. HP: 28/49 MP: 0/0
  6495 | D:4      | Learned a level 2 spell: Searing Ray
  6842 | D:4      | Found a staircase to the Ecumenical Temple.
  6847 | Temple   | Entered the Ecumenical Temple
  6863 | Temple   | Became a worshipper of Makhleb the Destroyer
  7125 | D:5      | Entered Level 5 of the Dungeon
  7138 | D:5      | Reached skill level 5 in Spellcasting
  7249 | D:5      | Noticed Edmund
  7250 | D:5      | Noticed Ijyb
  7277 | D:5      | Killed Ijyb
  7281 | D:5      | Killed Edmund
  7282 | D:5      | Reached XP level 8. HP: 37/56 MP: 0/0
  7399 | D:5      | Noticed Pikel
  7433 | D:5      | Killed Pikel
  7434 | D:5      | Reached skill level 5 in Dodging
  7597 | D:5      | Found an iron altar of Okawaru.
  7681 | D:5      | Reached * piety under Makhleb
  7818 | D:5      | Reached XP level 9. HP: 58/63 MP: 0/0
  7818 | D:5      | Learned a level 4 spell: Sticky Flame
  7941 | D:5      | Noticed Sigmund
  7947 | D:5      | Killed Sigmund
  8078 | D:2      | Killed Crazy Yiuf
  8183 | D:3      | Noticed Natasha
  8187 | D:3      | Killed Natasha
  8247 | D:3      | Noticed Natasha
  8253 | D:3      | Killed Natasha
  8288 | D:3      | Noticed Natasha
  8293 | D:3      | Killed Natasha
  8418 | D:3      | Killed Grinder
  8485 | D:5      | Noticed Blork the orc
  8494 | D:5      | Killed Blork the orc
  8495 | D:5      | Reached skill level 5 in Fighting
  9280 | D:6      | Found a glowing drain.
  9290 | Sewer    | Entered a sewer
  9996 | D:6      | Reached skill level 5 in Long Blades
 10173 | D:6      | Reached XP level 10. HP: 69/71 MP: 0/0
 10209 | D:6      | Reached ** piety under Makhleb
 10719 | D:7      | Noticed Menkaure
 11322 | D:7      | Killed Menkaure
 12218 | D:8      | Found a basalt altar of Yredelemnul.
 12423 | D:8      | Reached skill level 1 in Invocations
 12492 | D:8      | Reached skill level 1 in Evocations
 12657 | D:8      | Reached XP level 11. HP: 76/78 MP: 0/0
 12657 | D:8      | Learned a level 5 spell: Fireball
 12759 | D:8      | Found a large runed translucent door.
 12760 | D:8      | Found a large runed translucent door.
 12765 | D:8      | Noticed a cyclops
 12765 | D:8      | Noticed a catoblepas
 12819 | D:8      | Reached *** piety under Makhleb
 13252 | D:8      | Noticed Grum
 13293 | D:8      | Killed Grum
 13420 | D:8      | Found a staircase to the Lair.
 13538 | D:8      | Found a large runed translucent door.
 13538 | D:8      | Found a large runed translucent door.
 13614 | D:8      | Noticed a centaur warrior
 13867 | D:8      | Killed a centaur warrior
 14364 | D:9      | Found a runed translucent door.
 14408 | D:9      | Noticed a soul eater
 14510 | D:9      | Noticed a two-headed ogre
 14548 | D:9      | Killed a two-headed ogre
 14716 | D:9      | Found a flagged portal.
 14803 | Bailey   | Entered a bailey
 14861 | Bailey   | Reached **** piety under Makhleb
 15052 | Bailey   | Noticed an orc knight
 15085 | Bailey   | Noticed an orc knight
 15093 | Bailey   | Killed an orc knight
 15094 | Bailey   | Reached XP level 12. HP: 72/86 MP: 0/0
 15229 | Bailey   | Noticed an orc warlord
 15282 | Bailey   | Killed an orc warlord
 15861 | D:9      | Found the +10 tower shield of Ignorance {rN+ Int-4}
 15867 | D:9      | Found a runed translucent door.
 15944 | D:9      | Found a staircase to the Orcish Mines.
 16020 | D:10     | Entered Level 10 of the Dungeon
 16294 | D:10     | Found a shadowy altar of Dithmenos.
 16713 | D:10     | Found a hazy altar of Hepliaklqana.
 17314 | D:11     | Reached skill level 5 in Evocations
 17582 | D:11     | Reached ***** piety under Makhleb
 17603 | D:11     | Reached skill level 5 in Invocations
 18734 | Lair:1   | Entered Level 1 of the Lair of Beasts
 18737 | Lair:1   | Reached skill level 10 in Dodging
 18737 | Lair:1   | Reached skill level 10 in Spellcasting
 18737 | Lair:1   | Reached XP level 13. HP: 94/94 MP: 0/0
 18737 | Lair:1   | Learned a level 5 spell: Silence
 19142 | Lair:1   | Reached XP level 14. HP: 99/101 MP: 0/0
 20371 | Lair:2   | Noticed a dire elephant
 20387 | Lair:2   | Killed a dire elephant
 20740 | Lair:2   | Found the macabre finger necklace {rN+}
 20806 | Lair:2   | Found a staircase to the Snake Pit.
 21062 | Lair:2   | Found a hole to the Spider Nest.
 21152 | Lair:3   | Found a frozen archway.
 21171 | IceCv    | Entered an ice cave
 23401 | Lair:4   | Identified the ring "Useuja" {rC+ rCorr}
 23581 | Lair:4   | Noticed Urug
 23586 | Lair:4   | Reached skill level 10 in Fighting
 23590 | Lair:4   | Killed Urug
 23789 | Lair:5   | Reached XP level 15. HP: 94/107 MP: 0/0
 23789 | Lair:5   | Learned a level 6 spell: Starburst
 24110 | Lair:5   | Found a transporter.
 24116 | Lair:5   | Noticed Bihe's ghost (journeyman HuBe)
 24130 | Lair:5   | Found a transporter.
 24261 | Lair:5   | Reached ****** piety under Makhleb
 24852 | Lair:5   | Slain by a boulder beetle

Illustrated notes

Levels and vault maps discovered:
D:1:      dpeg_arrival_more_subterranean_lakeside_camping, layout_loops_ring,
          shapermc_ecumenical_altar_mp_vishouse, serial_forest,
          infiniplex_forest_lined_room_, infiniplex_forest_straight_4,
          infiniplex_forest_pool, infiniplex_forest_lined_room_2,
          infiniplex_forest_zigzag_1, infiniplex_forest_fountain,
          infiniplex_forest_straight_3, infiniplex_forest_end_3,
          infiniplex_forest_lined_1, infiniplex_forest_clump_cross
D:2:      layout_basic, uniq_crazy_yiuf_cottage, uniq_robin
D:3:      layout_basic, mainiacjoe_overflow_brackets, serial_shops, shop,
          uniq_natasha, uniq_grinder
D:4:      layout_loops_ring, minmay_temple_entry_nine_rooms, uniq_eustachio
D:5:      kennysheep_slugbush, layout_layer_cave, okawaru_gym_becter,
          uniq_edmund, uniq_blork_the_orc, uniq_sigmund, uniq_pikel, uniq_ijyb
D:6:      layout_basic, cheibrodos_sewer_entry_bend, minmay_misc_feat_columns,
          roderic_lattice_a, serial_bayou_pond_b
D:7:      layout_basic, nicolae_overflow_crystal_walls, uniq_menkaure
D:8:      layout_basic, nicolae_overflow_hidden_temple, minmay_lair_entry_grove,
          minmay_hollow_rounded_squares, uniq_grum
D:9:      hellmonk_ruined_rings, layout_rooms, enter_bailey_5,
          minmay_misc_feat_room, chequers_guarded_unrand_ignorance
D:10:     layout_rooms, lemuel_tele_altar, lemuel_blue_sif_altar,
          nicolae_dithmenos_the_darkroom
D:11:     layout_cave_pods, minmay_statue_bubble
Temple:   regret_index_temple_waves
Lair:1:   layout_long_grid, minivault_23, serial_bayou_shore_b
Lair:2:   layout_regular_city, guppyfry_snake_entry_garden,
          spider_nest_entry_funnel_web, nicolae_quartered_pool_impasse,
          nicolae_lair_grazing_beasts [nicolae_sub_lair_graze_edge,
          nicolae_sub_lair_graze_edge, nicolae_sub_lair_graze_edge,
          nicolae_sub_lair_graze_edge], infiniplex_staircase_pool
Lair:3:   layout_small_grid, portal_ice_cave_entry_pillars_2
Lair:4:   layout_gridlike, chequers_serial_rivers_micro_c, beast_lair_carwin_10,
          grunt_megastairs_4, uniq_urug
Lair:5:   layout_gridlike, gammafunk_ghost_berserking_beasts,
          beast_lair_carwin_5

Skill      XL: |  1  2  3  4  5  6  7  8  9 10 11 12 13 14 |
---------------+-------------------------------------------+-----
Fighting       | 1 2 3 4 5 6 7 9 10 | 10.2
Dodging        | 3 4 5 6 7 8 10 11 | 11.6
Long Blades    | 1 2 3 5 6 8 9 |  9.2
Spellcasting   | 4 5 6 7 8 9 10 11 | 11.6
Invocations    | 1 3 6 7 |  7.7
Evocations     | 1 4 6 7 |  7.9
Stealth        | |  1.5

Action                   |  1- 3 |  4- 6 |  7- 9 | 10-12 | 13-15 || total
-------------------------+-------+-------+-------+-------+-------++-------
Melee: Unarmed           |    16 |       |       |       |       ||    16
       Dagger            |    65 |    12 |     5 |       |       ||    82
       Falchion          |    46 |   125 |    37 |   117 |    48 ||   373
       Punch             |       |     2 |     1 |     6 |       ||     9
       Rapier            |       |       |    29 |    16 |       ||    45
       Staff             |       |       |       |    60 |    31 ||    91
 Cast: Summon Small Mamm |    22 |       |       |       |       ||    22
       Call Imp          |     1 |    10 |       |       |       ||    11
       Call Canine Famil |       |     9 |     4 |     2 |     4 ||    19
       Searing Ray       |       |       |    57 |    22 |       ||    79
       Scorch            |       |       |       |    15 |       ||    15
       Summon Lightning  |       |       |       |    62 |    71 ||   133
       Sticky Flame      |       |       |       |    64 |    13 ||    77
       Fireball          |       |       |       |    17 |    43 ||    60
       Starburst         |       |       |       |       |    12 ||    12
Invok: Lesser Servant of |       |       |       |       |     2 ||     2
  Use: Scroll            |       |       |    11 |     3 |     3 ||    17
       Potion            |       |       |       |     1 |       ||     1
 Stab: Distracted        |     1 |       |       |     3 |     3 ||     7
       Sleeping          |     1 |     2 |       |       |       ||     3
Armor: Robe              |     8 |    50 |    12 |       |       ||    70
       Leather armour    |    28 |    11 |       |       |       ||    39
       Ring mail         |       |       |    48 |   105 |       ||   153
       Steam dragon scal |       |       |       |    49 |    29 ||    78
Dodge: Dodged            |   113 |   168 |    97 |   311 |   141 ||   830

Table legend: (Time is in decaauts)
 A = Elapsed time spent in this place.
 B = Non-inter-level travel time spent in this place.
 C = Inter-level travel time spent in this place.
 D = Time resting spent in this place.
 E = Time spent auto-exploring this place.
 F = Levels seen in this place.
 G = Mean time per level.
                   A        B        C        D        E       F      G
               +--------+--------+--------+--------+--------+-----+--------+
         Total |  24919 |  24317 |    602 |   2593 |  16277 |  20 | 1245.9 |
       Dungeon |  17435 |  16950 |    485 |   2161 |  11095 |  11 | 1585.0 |
        Temple |     32 |     32 |      0 |      0 |      9 |   1 |   32.0 |
          Lair |   6034 |   5917 |    117 |    330 |   4296 |   5 | 1206.8 |
         Sewer |    574 |    574 |      0 |    102 |    345 |   1 |  574.0 |
        Bailey |    753 |    753 |      0 |      0 |    473 |   1 |  753.0 |
      Ice Cave |     89 |     89 |      0 |      0 |     59 |   1 |   89.0 |
               +--------+--------+--------+--------+--------+-----+--------+

Top non-repeatable levels by time:
     D:1: 2342 daAuts
     D:8: 2151 daAuts
     D:4: 1937 daAuts
     D:6: 1823 daAuts
     D:3: 1680 daAuts
     D:2: 1670 daAuts
  Lair:2: 1663 daAuts
    D:11: 1612 daAuts
  Lair:3: 1467 daAuts
     D:5: 1259 daAuts
  Lair:4: 1139 daAuts
    D:10: 1076 daAuts
  Lair:5: 1015 daAuts
     D:7: 951 daAuts
     D:9: 928 daAuts
